Cogmind - Beta 15 @@@ ROGUE MODE // 2025.09.05 @ 22:14:55 Player: shapeshifter Result: Destroyed self with Subdweller Shrapnel Launcher Performance ------------- Evolutions (0) 0 Regions Visited (3) 600 Robots Destroyed (24) 120 Value Destroyed (567) 567 Prototype IDs (11) 220 Alien Tech Used (0) 0 Bonus (0) 0 TOTAL SCORE: 1507 Bonus ------- None Cogmind --------- Core Integrity 0/250 Matter 238/300 Energy 70/250 System Corruption 0% Temperature Cool (0) Movement Treading (960) Ox10 Location -10/Subcaves Parts ------- > --- POWER (1) -------- Ion Engine > --- PROPULSION (2) --- Light Treads Compact Wheel > --- UTILITY (2) ------ Humpback > --- WEAPON (2) ------- Assault Rifle Subdweller Shrapnel Launcher > --- INVENTORY (35) --- Subdweller Power Source Meta Core Light Treads Subdweller Monowheel Large Storage Unit Huge Storage Unit High-capacity Matter Pod (200) Subdweller Optics Core Shielding Makeshift Light Armor Plating Scrap Shield Subdweller Laser Subdweller Beam Cannon Light Assault Rifle Light Assault Rifle Battle Rifle Subdweller Machine Gun Grenade Launcher Mining Laser Makeshift Sword Peak State ------------ > --- POWER ------------ Ion Engine > --- PROPULSION ------- Light Treads Light Treads > --- UTILITY ---------- Large Storage Unit Core Shielding > --- WEAPON ----------- Light Assault Rifle Makeshift Sword > --- INVENTORY -------- Ion Engine Meta Core Light Treads Light Treads Wheel Compact Wheel Huge Storage Unit High-capacity Matter Pod Makeshift Light Armor Plating Assault Rifle Light Assault Rifle Grenade Launcher Subdweller Shrapnel Launcher Mining Laser [Rating: 13] Favorites ----------- Power Ion Engine Engine Ion Engine Propulsion Light Treads Treads Light Treads Wheel Wheel Utility Core Shielding Device Seismic Detector Storage Humpback Protection Core Shielding Weapon Light Assault Rifle Energy Gun Medium Laser Ballistic Gun Light Assault Rifle Ballistic Cannon Light Cannon Launcher Subdweller Shrapnel Launcher Special Weapon Mining Laser Slashing Weapon Makeshift Sword Build | -11 -10 -10 -10 ------- Run | Yrd Mat Min Sub Slots Evolved . | . . . . Power . | . . . . Propulsion . | . . . . Utility . | . . . . Weapon . | . . . . Parts Attached 25 | 7 6 2 10 Power 3 | 1 1 . 1 Engine 3 | 1 1 . 1 Core . | . . . . Reactor . | . . . . Propulsion 7 | 2 . . 5 Treads 4 | 2 . . 2 Leg . | . . . . Wheel 3 | . . . 3 Hover . | . . . . Flight . | . . . . Utility 7 | 2 2 1 2 Device 1 | 1 . . . Storage 5 | 1 1 1 2 Processor . | . . . . Hackware . | . . . . Protection 1 | . 1 . . Artifact . | . . . . Weapon 8 | 2 3 1 2 Energy Gun 1 | 1 . . . Energy Cannon . | . . . . Ballistic Gun 3 | 1 2 . . Ballistic Cannon 1 | . 1 . . Launcher 1 | . . . 1 Special Weapon 1 | . . 1 . Impact Weapon . | . . . . Slashing Weapon 1 | . . . 1 Piercing Weapon . | . . . . Special Melee Weapon . | . . . . Unidentified Prototypes . | . . . . Parts Lost 5 | . 1 . 4 Power 1 | . . . 1 Propulsion 3 | . . . 3 Utility 1 | . 1 . . Weapon . | . . . . Highest Loss Streak 2 | . 1 . 2 To Critical Strikes 1 | . . . 1 Average Backups 12 | 2 7 8 17 Power 1 | . 1 1 1 Propulsion 3 | 1 3 4 3 Utility 3 | . . 1 4 Weapon 4 | . 2 2 6 Tool/Special . | . . . . Unused Backups 15 | . 3 . 12 Power 1 | . . . 1 Propulsion 1 | . 1 . . Utility 4 | . . . 4 Weapon 8 | . 2 . 6 Tool/Special 1 | . . . 1 Average Slot Usage (%) 94 | . 100 100 91 Engine 13 | . 14 14 13 Treads 19 | . 28 28 14 Wheel 8 | . . . 13 Device 3 | . 10 . . Storage 14 | . 14 14 14 Protection 5 | . 3 14 5 Ballistic Gun 25 | . 23 28 25 Peak Build Rating 13 | 7 7 8 13 Average Rating 9 | 4 6 7 11 On Entrance 5 | . 7 7 8 Naked Turns . | . . . . Heaviest Build 208 | 12 18 28 208 Greatest Support 40 | 40 40 40 40 Greatest Overweight (x) 7 | . . . 7 Average Overweight (x) 1 | . . . 3 Largest Inventory Capacity 35 | 8 10 15 35 Average Capacity 19 | 7 8 11 26 Most Carried 23 | 5 9 10 23 Average Carried 13 | 3 7 8 17 Final Capacity 35 | 8 10 15 35 Final Carried 21 | 4 8 10 21 Class Distribution -------------------- 66% | Mutant 33% | Hauler-Mutant Dominant Class ---------------- Mutant | -10/Materials Mutant | -10/Mines Hauler-Mutant | -10/Subcaves Resources | -11 -10 -10 -10 ----------- Run | Yrd Mat Min Sub Matter Collected 971 | 256 187 117 411 Remotely . | . . . . Salvage Created 544 | 26 374 . 144 Parts 52 | 3 27 . 22 Haulers Intercepted 1 | . 1 . . Recyclers Shooed . | . . . . Parts Field Recycled . | . . . . Retrieved Matter . | . . . . Parts Self-Destructed 8 | . . . 8 Prevented . | . . . . Kills | -11 -10 -10 -10 ------- Run | Yrd Mat Min Sub Combat Hostiles Destroyed 17 | . 8 . 9 Guns 8 | . 6 . 2 Cannons 2 | . 2 . . AOE 7 | . . . 7 Classes Destroyed 7 | 1 4 . 2 Tunneler 1 | 1 . . . Hauler 1 | . 1 . . Turret 2 | . . . 2 Watcher 3 | . 3 . . Swarmer 8 | . 2 . 6 Grunt 6 | . 6 . . Subdweller 3 | . . . 3 Best Kill Streak 6 | 1 2 . 6 Combat Bots Only 4 | . 2 . 4 Max Kills in Single Turn 3 | 1 1 . 3 Gunslinging . | . . . . Exploded 3 | . . . 3 Melee . | . . . . Uniques/NPCs Destroyed . | . . . . Combat | -11 -10 -10 -10 -------- Run | Yrd Mat Min Sub Hostile Shots Fired 88 | . 34 . 54 Missed 29 | . 11 . 18 Hits 59 | . 23 . 36 Projectile 59 | . 23 . 36 Critical Strikes 1 | . . . 1 Damage Taken 972 | . 314 . 658 Core 255 | . 69 . 186 Absorbed by Shields . | . . . . Redirected to Shielding 7 | . 5 . 2 Core Remaining (%) 100 | 100 . . . Volleys Fired 56 | 1 35 1 19 Largest 2 | 2 2 1 2 Hottest 100 | 70 70 100 40 Shots Fired 103 | 2 70 1 30 Gun 87 | 2 63 . 22 Cannon 7 | . 7 . . Launcher 8 | . . . 8 Special 1 | . . 1 . Kinetic 99 | 1 68 . 30 Thermal 4 | 1 2 1 . Explosive . | . . . . Electromagnetic . | . . . . Robot Hit Streak 14 | 1 8 . 14 Robot Miss Streak 2 | . 2 . 2 Penetration Max . | . . . . Secondary Targets 1 | . 1 . . Max Gunslinging Chain 1 | . 1 . . Shots Hit Robots 72 | 1 49 . 22 Core Hits 39 | 1 20 . 18 Critical Kills . | . . . . Critical Parts Destroyed . | . . . . Critical Strikes . | . . . . Melee Attacks 3 | . . . 3 Impact . | . . . . Slashing 3 | . . . 3 Piercing . | . . . . Sneak Attacks . | . . . . Combat Hostiles . | . . . . Follow-up Attacks . | . . . . Damage Inflicted 1282 | 10 573 . 699 Guns 569 | 10 379 . 180 Cannons 107 | . 107 . . Explosions 606 | . 87 . 519 Melee . | . . . . Ramming . | . . . . Kinetic 1182 | 10 473 . 699 Thermal 100 | . 100 . . Explosive . | . . . . Electromagnetic . | . . . . Impact . | . . . . Slashing . | . . . . Piercing . | . . . . Highest Corruption . | . . . . Average Corruption . | . . . . Corruption Purged . | . . . . Corruption Blocked . | . . . . Overload Shots . | . . . . Overflow Damage 72 | . 66 . 6 Projectiles . | . . . . Explosions 72 | . 66 . 6 Melee . | . . . . Knockbacks . | . . . . Impact . | . . . . Kinetic . | . . . . Secondary . | . . . . Self-Inflicted Damage 79 | . . . 79 Shots 2 | . . . 2 Rammed . | . . . . Targets Rammed . | . . . . Kicked . | . . . . Crushed . | . . . . Highest Temperature 40 | 30 40 20 . Average Temperature 12 | 18 12 10 . Received Heat Transfer 282 | . 144 . 138 Siege Activations . | . . . . Martial Activations . | . . . . Shielding Activations . | . . . . Robots Disrupted . | . . . . Combat Hostiles . | . . . . Robots Corrupted . | . . . . Combat Hostiles . | . . . . Parts Fried . | . . . . Impact Corruptions . | . . . . Robots Melted . | . . . . Combat Hostiles . | . . . . Parts Melted . | . . . . Heat Transferred 87 | . 87 . . Parts Sabotaged . | . . . . Parts Stolen . | . . . . Parts Stripped . | . . . . Power Chain Reactions . | . . . . Alert | -11 -10 -10 -10 ------- Run | Yrd Mat Min Sub Maximum Alert Level . | . . . . Low Security (%) 100 | 100 100 100 . Level 1 . | . . . . Level 2 . | . . . . Level 3 . | . . . . Level 4 . | . . . . Level 5 . | . . . . High Security . | . . . . Max Security . | . . . . Peak Influence 50 | 5 50 7 . Initial 7 | . . 7 . Average 11 | . 12 1 . Influence Increases 454 | 5 279 . 170 Destroy 0b10 Robot/C 320 | . 160 . 160 Destroy 0b10 Robot/NC 25 | 5 20 . . Destroy Leader 48 | . 38 . 10 Successful Hack 23 | . 23 . . Disable Machine 30 | . 30 . . Destroy Structure 8 | . 8 . . Influence Decreases 454 | 5 259 20 170 Entered New Map 13 | . . 13 . Time Decay 421 | 5 259 7 150 Lost Part 20 | . . . 20 Squads Dispatched . | . . . . Investigation . | . . . . Extermination . | . . . . Reinforcement . | . . . . Assault . | . . . . Garrison . | . . . . Intercept . | . . . . Searches Triggered . | . . . . Construction Impeded . | . . . . Haulers Reinforced . | . . . . Active Scanning Responses . | . . . . Cargo Convoy Interrupts . | . . . . Stealth | -11 -10 -10 -10 --------- Run | Yrd Mat Min Sub Distress Signals 2 | . 1 1 . Communications Jammed . | . . . . Distress Signals . | . . . . Times Spotted 26 | . 13 . 13 Peak Tracking Total 6 | . 3 . 6 Tactical Retreats . | . . . . Traps | -11 -10 -10 -10 ------- Run | Yrd Mat Min Sub Traps Triggered 1 | . 1 . . Indirectly . | . . . . Trap Hack Attempts . | . . . . Triggered . | . . . . Disarmed . | . . . . Reprogrammed . | . . . . Reused . | . . . . Traps Extracted . | . . . . Installed . | . . . . Triggered . | . . . . Machines | -11 -10 -10 -10 ---------- Run | Yrd Mat Min Sub Machines Disabled 7 | . 2 . 5 Max in Single Turn 3 | . 2 . 3 Machines Repaired . | . . . . Machines Dismantled . | . . . . Machines Sabotaged . | . . . . Overloaded Fab Kills . | . . . . Hacking | -11 -10 -10 -10 --------- Run | Yrd Mat Min Sub Machines Accessed 8 | . 7 . 1 Terminals 6 | . 6 . . Fabricators . | . . . . Repair Stations . | . . . . Recycling Units 1 | . 1 . . Scanalyzers . | . . . . Garrison Access . | . . . . Total Hacks 27 | . 26 . 1 Successful 16 | . 15 . 1 Failed 11 | . 11 . . Catastrophic . | . . . . Database Lockouts . | . . . . Manual 17 | . 17 . . Terminals 25 | . 25 . . Fabricators . | . . . . Repair Stations . | . . . . Recycling Units 1 | . 1 . . Scanalyzers . | . . . . Garrison Access . | . . . . Terminal Hacks 7 | . 6 . 1 Emergency Access Points 2 | . 2 . . Investigation Status 1 | . 1 . . Hauler Manifests 1 | . 1 . . Registered Components 1 | . 1 . . Zone Layout 1 | . 1 . . Proto ID Catalog 1 | . . . 1 Fabricator Hacks . | . . . . Repair Station Hacks . | . . . . Recycling Unit Hacks 1 | . 1 . . Report Inventory 1 | . 1 . . Scanalyzer . | . . . . Garrison Access Hacks . | . . . . Unauthorized Hacks 8 | . 8 . . Terminals 8 | . 8 . . Botnet 3 | . 3 . . Skim 5 | . 5 . . Fabricators . | . . . . Repair Stations . | . . . . Recycling Units . | . . . . Scanalyzers . | . . . . Garrison Access . | . . . . Data Cores Recovered . | . . . . Used . | . . . . Hacking Detections 6 | . 6 . . Full Trace Events . | . . . . Feedback Events . | . . . . Feedback Blocked . | . . . . Robot Schematics Acquired . | . . . . Robots Built . | . . . . Authchips . | . . . . Time . | . . . . Total Robot Build Rating . | . . . . Part Schematics Acquired . | . . . . Parts Built . | . . . . Authchips . | . . . . Time . | . . . . Total Part Build Rating . | . . . . Parts Repaired . | . . . . Time . | . . . . Parts Recycled . | . . . . Recycled Matter . | . . . . Retrieved Matter . | . . . . Retrieved Components . | . . . . Parts Scanalyzed . | . . . . Part Schematics Acquired . | . . . . Parts Damaged . | . . . . Bothacking | -11 -10 -10 -10 ------------ Run | Yrd Mat Min Sub Used RIF Installer . | . . . . Robots Hacked . | . . . . Non-combat . | . . . . Combat . | . . . . Robot Hacks Applied . | . . . . Relay Couplers Released . | . . . . Fabnet Peak Effective % . | . . . . Robots Rewired . | . . . . Allies Hacked . | . . . . Hacks Repelled . | . . . . Allies | -11 -10 -10 -10 -------- Run | Yrd Mat Min Sub Total Allies . | . . . . Largest Group . | . . . . Highest-Rated Group . | . . . . Highest-Rated Ally . | . . . . Total Orders . | . . . . Ally Attacks . | . . . . Total Damage . | . . . . Kills . | . . . . Allies Corrupted . | . . . . Allies Melted . | . . . . Intel | -11 -10 -10 -10 ------- Run | Yrd Mat Min Sub Active Infowar (turns) 857 | 29 828 . . Seismic 857 | 29 828 . . Robot Analysis Total . | . . . . Derelict Logs Recovered 1 | . . 1 . Drone Launches . | . . . . Drone Recoveries . | . . . . Exploration | -11 -10 -10 -10 ------------- Run | Yrd Mat Min Sub Turns Passed 3054 | 111 1146 70 1727 Spaces Moved 1635 | 69 626 39 901 Core 17 | 17 . . . Treads 1131 | 52 626 39 414 Legs . | . . . . Wheels 487 | . . . 487 Hover . | . . . . Flight . | . . . . Fastest Speed 50 | 50 160 160 160 Average Speed 169 | 132 160 160 179 Slowest Speed 560 | 160 160 160 560 Overloaded Moves . | . . . . Propulsion Burnouts . | . . . . Robots Hopped . | . . . . Potential Cave-ins . | . . . . Cave-ins Triggered . | . . . . Exploration Rate (%) 42 | 4 94 17 55 Regions Visited 3 Branch Regions 2 Pre-discovered Areas 3 | . 2 1 . Known Exits Taken 1 | . . 1 . Unknown Exits Taken 2 | 1 1 . . Scrap Searched 7 | . . 2 5 Spaces Dug 16 | . . . 16 Terrain Destroyed 97 | . 7 . 90 Melee . | . . . . Projectile . | . . . . AOE 97 | . 7 . 90 Terrain Rammed . | . . . . Walls Destroyed . | . . . . Machines Disabled . | . . . . Actions | -11 -10 -10 -10 --------- Run | Yrd Mat Min Sub Total 1822 | 87 714 44 977 Wait 32 | . 28 . 4 Move 1632 | 68 625 38 901 Hop . | . . . . Pick Up 52 | 11 10 2 29 Fast Attach 1 | . 1 . . Attach 13 | 7 1 . 5 Detach 1 | . 1 . . Swap 21 | . 5 2 14 Drop 11 | . 8 1 2 Fire 56 | 1 35 1 19 Melee 3 | . . . 3 Ram . | . . . . Kick . | . . . . Crush . | . . . . Escape Stasis . | . . . . Rewire . | . . . . Trap . | . . . . Miscellaneous . | . . . . Route ------- -11/Scrapyard -10/Materials (discovered 5 exits: *Mat x3 / [*Min] / *Sub) -10/Mines (discovered 3 exits: Mat x2 / *Sub) -10/Subcaves (discovered 3 exits: [*Mat x2] / [*Rec]) History --------- Turn | Location | Event 2 | -11/Scrapyard | Met Revision 17 3 | -11/Scrapyard | Discovered new exit (range 15) 112 | -11/Scrapyard | Entered Materials 317 | -10/Materials | Build established: Mutant 355 | -10/Materials | Discovered new exit (range 10) 443 | -10/Materials | Discovered new exit (range 15) 670 | -10/Materials | Learned location of 2 exits from Mines 780 | -10/Materials | Learned location of 1 exit from Recycling 798 | -10/Materials | Learned location of 2 exits from Mines 805 | -10/Materials | Learned location of 1 exit from Storage 820 | -10/Materials | Identified exit to Materials 847 | -10/Materials | Learned location of Mines (-9) 1006 | -10/Materials | Discovered new exit (range 10) 1258 | -10/Materials | Entered Mines 1259 | -10/Mines | Identified exit to Subcaves 1276 | -10/Mines | Learned location of Zion (-7) 1282 | -10/Mines | Assembled infested the area 1287 | -10/Mines | Assisted by a Guerilla fighting off Assembled 1328 | -10/Mines | Entered Subcaves 1432 | -10/Subcaves | Visited 4L-MR0's lab 1450 | -10/Subcaves | Found Meta Core 1786 | -10/Subcaves | Discovered new exit (range 14) 1876 | -10/Subcaves | A swath of the cavern ceiling suddenly collapsed 1885 | -10/Subcaves | Discovered new exit (range 13) 1912 | -10/Subcaves | Shifting Twisted Machinery released Mak. Light Armor Plating 2335 | -10/Subcaves | Build established: Hauler-Mutant 2364 | -10/Subcaves | Shifting Twisted Machinery released Sub. Optics 2365 | -10/Subcaves | Shifting Twisted Machinery released Scrap Shield 2726 | -10/Subcaves | Discovered new exit (range 8) 2837 | -10/Subcaves | A swath of the cavern ceiling suddenly collapsed 3036 | -10/Subcaves | Ambushed by Subdwellers from Twisted Machinery 3042 | -10/Subcaves | Core integrity fell below 50% 3053 | -10/Subcaves | Core integrity fell below 20% 3055 | -10/Subcaves | Destroyed self with Subdweller Shrapnel Launcher Last Messages --------------- Sub. Optics falls loose from the Twisted Machinery. Scrap Shield falls loose from the Twisted Machinery. 02389_ Acquired Scrap Shield. 02393_ Acquired Sub. Optics. 02458_ Acquired 46 matter. 02461_ Acquired Sub. Machine Gun. 02726_ EXIT=FOUND A swath of the cavern ceiling suddenly collapses. 02876_ Sub. Monowheel shoots sparks and powers down. 02889_ FG-INS(u) deconstructs Twisted Machinery. 03036_ 5T-IDS(R) emerges from the Twisted Machinery. 03036_ Ion Engine destroyed. 03051_ Wheel destroyed. 03055_ 5T-IDS(R) destroyed. Map ----- +----------------------------------------------------+ | ?????????????????????????????????????????????????? | | ?????????????????????????????????????????????????? | | ?????????????????????????????????????????????????? | | ?????????????????????????????????????????????????? | | ?????????????????????????????????????????????????? | | ?????????????????????????????????????????????????? | | ?????????????????????????????????????????????????? | | ?????????????????????????????????????????????????? | | ?????????????????????????????????????????????????? | | ?????????????????????????????????????????????????? | | ?????????????????????????????????????????????????? | | ?????????????????????????????????????????????????? | | ??????????????????????????? ?????????????????????? | | ??????????????????????????? ?????????????????????? | | ?????????????????????????? ?????????????????????? | | ?????????????????????????? ?????????????????????? | | ?????????????????????????? ?????????????????????? | | ??????????????????? ""??? #?????????????????????? | | ??????????????#"" ?# #?????????????????????? | | ??????????????#" ""##" #?????#???????????????? | | ??????????????# " " ##??? ##??????????????? | | ???????????????# " " ### #??????????????? | | ???????????????# " #???????????? ?? | | ??????????????## """"" ] #?????????? "" | | ??????????????# R &% #??????????? """ | | ??????????????# @&;; #???????????? | | ?????????????# ;;; ####?????????? | | ?????????????# ## #??? ##?????????? | | ?????????????## ??## #??? ???????????# | | ??????????????##?????# #??? ???????????## | | ??????????????######## ##??? ????????????# | | ??????????????# ### #???? ? ?????????# | | ??????????????# ## #??## ??? ????????# | | ??????????????# #?## #### #??? #????#### | | ??????????????# #???# #???# ##### | | ??????????????# #???# #????# | | ??????????????# ##??## ##????# | | ??????????????## ##?## #?????# | | ???????????????# ### ## ##?????## | | ???????????????# #### ##??????##### | | ???????????????# #??## ##????????## | | ???????????????## ### ##???# ##???????# | | ????????????????# #?# ##???## ##??????# | | ????????????????###?## ##???## #??????# | | ????????????????????## ####### ###????# ## | | ????????????????????# #### ##???# ## | | ????????????????????# ## ### ##### | | ????????????????????##?## ### | | ????????????????????????## #?### ##### | | ?????????????????????????#########???## #???# | +----------------------------------------------------+ Best States ------------- Heat Dissipation 25 Energy Generation 10 Energy Capacity 250 Matter Stores 300 Matter Capacity 300 Sight Range 16 Terrain Scan Density 10 Core Shielding 20 Evasion (%) 50 Recoil Reduction 2 Item Schematics ----------------- None Robot Schematics ------------------ None Fabricated ------------ Nothing Repaired ---------- Nothing Alien Tech Used ----------------- None Achievements -------------- None Challenges ------------ None Game ------ Seed DisruptorPitchforkRail Manual? 0 Play Time 00:15:04 Cumulative 259.1 hours Start 2025.09.05 @ 21:44:48 End 2025.09.05 @ 22:14:55 Sessions 1 Manual Loads 0 Difficulty Rogue Special Mode None Game No. 383 Rogue 383 Adventurer 0 Explorer 0 Win Type - Total 5 Types 4/0/1/0/0/0/0/0/0/0 Lore% 83 Gallery% 79 Achievement% 61 Wizard Run 0 Options --------- Layout 1 ASCII 0 Keyboard 0 Movement Mouse Keybinds 0 Fullscreen 1 Font 24/Smallcaps Map View 50x40 Zoom Use 0% Tactical HUD 1 Map Filters NONE Filters NONE Steam 1 RUN: a4785a7f-aadf-493d-8946-3370f3eca22a